 Dungeon Crawl Stone Soup version 0.27.0-1-g7a089689b8 (webtiles) character file.

Game seed: 7395602624611644487

2876 Sin92 the Cleaver (level 9, -5/78 HPs)
             Began as a Minotaur Fighter on Aug 5, 2021.
             Slain by a sun demon (14 damage)
             ... summoned by a kobold demonologist
             ... on level 6 of the Dungeon.
             The game lasted 00:06:02 (5528 turns).

Sin92 the Cleaver (Minotaur Fighter)                Turns: 5528, Time: 00:06:03

Health: -5/78      AC: 10    Str: 27    XL:     9   Next: 48%
Magic:  8/8        EV:  8    Int:  5    God:
Gold:   203        SH: 11    Dex:  8    Spells: 8/8 levels left

rFire    . . .     SeeInvis .   w - +5 spear "Wugil" {vamp, Stlth+}
rCold    . . .     Faith    .   c - +0 kite shield
rNeg     + . .     Spirit   .   t - +0 chain mail
rPois    +         Reflect  .   (helmet restricted)
rElec    .         Harm     .   (no cloak)
rCorr    .         Rampage  .   (no gloves)
Will     .....                  (no boots)
Stlth    ..........             (no amulet)
HPRegen  0.23/turn              m - ring of Cearotwem {rPois rN+ Str+3 Dex-2}
MPRegen  0.11/turn              (no ring)

@: about to teleport
A: horns 2, retaliatory headbutt
a: no special abilities


You were on level 6 of the Dungeon.
You visited 1 branch of the dungeon, and saw 6 of its levels.

You collected 203 gold pieces.

Inventory:

Hand Weapons
 r - a +3 vorpal trident
 w - the +5 spear "Wugil" (weapon) {vamp, Stlth+}
   (You found it on level 5 of the Dungeon)

   It occasionally heals its wielder for a portion of the damage dealt when it
   wounds a living foe.
   Stlth:     It makes you more stealthy.
Armour
 c - a +0 kite shield (worn)
 t - a +0 chain mail (worn)
Jewellery
 m - the ring of Cearotwem (left hand) {rPois rN+ Str+3 Dex-2}
   (You acquired it on level 2 of the Dungeon)

   [ring of poison resistance]

   Str:       It affects your strength (+3).
   Dex:       It affects your dexterity (-2).
   rPois:     It protects you from poison.
   rN:        It protects you from negative energy.
Scrolls
 h - a scroll of magic mapping
 n - 3 scrolls of teleportation
Potions
 a - a potion of degeneration {unknown}
 d - a potion of might
 e - 3 potions of flight
 f - 2 potions of attraction
 g - a potion of mutation {unknown}
 j - a potion of heal wounds
 k - a potion of magic {unknown}
 q - a potion of brilliance {unknown}
 v - a potion of lignification {unknown}


   Skills:
 + Level 6.9 Fighting
 + Level 8.0(8.8) Axes
 * Level 5.8(7.7) Polearms
 + Level 7.0 Armour
 + Level 5.2 Dodging
 + Level 2.4 Stealth
 + Level 6.9 Shields


You had 8 spell levels left.
You didn't know any spells.
Your spell library was empty.

Dungeon Overview and Level Annotations

Branches:
Dungeon (6/15)
 Temple: D:4-7

Altars:
Ashenzari
Kikubaaqudgha
Uskayaw
Xom


Innate Abilities, Weirdness & Mutations

You have a pair of horns on your head.
You reflexively headbutt those who attack you in melee.


Message History

The centaur shoots an arrow.
You block the arrow.
The centaur shoots an arrow.
The arrow hits you!
The centaur shoots an arrow.
The arrow hits you.
Unknown command.
There are monsters nearby!
There are monsters nearby!
You reach to attack!
You hit the centaur.
You feel better.
The centaur is lightly wounded.
The centaur shoots an arrow.
The arrow closely misses you.
The kobold demonologist mumbles some strange words.
Unknown command.
There are monsters nearby!
Unknown command.
You reach to attack!
You hit the centaur.
You feel better.
The centaur is moderately wounded.
The centaur shoots an arrow.
The arrow hits you.
You barely miss the sun demon. The sun demon hits you.
You are engulfed in flames!
There are monsters nearby!
Unknown command.
You are too injured to fight recklessly!
Unknown command.
There are monsters nearby!
You are too injured to fight recklessly!
Unknown command.
There are monsters nearby!
You are too injured to fight recklessly!
Unknown command.
There are monsters nearby!
You are too injured to fight recklessly!
Unknown command.
There are monsters nearby!
As you read the scroll of teleportation, it crumbles to dust.
You feel strangely unstable.
The ogre hits you with a +0 giant club!!
* * * LOW HITPOINT WARNING * * *
The sun demon hits you!
* * * LOW HITPOINT WARNING * * *
You are engulfed in flames!
You die...

........#
........#####.....
..........)....... .
###.###.##.........#
#.# #.##.#.#.#.#.# #.#
#.##..>......# #.#
#.##.#....K#.# #.#
#.#.......O3.####
#.###†...#....@#.....
#................c....
#........#.#.#.#.#####
#................#
#.......†..#.#..##
..........?.#.##.#
.............#.. .#
.............##.#.#
.?.........# .#.#


You could see a sun demon (summoned), a kobold demonologist, an ogre and a
centaur.

Vanquished Creatures
  Pikel (D:5)
  6 yaks (D:6)
  Menkaure (D:5)
  Edmund (D:5)
  A black bear (D:4)
  Duvessa (D:4)
  A centaur (D:5)
  2 lemures (D:5)
  A phantom (D:4)
  Blork the orc (D:4)
  Dowan (D:4)
  3 scorpions
  A water moccasin skeleton (D:5)
  A bullfrog zombie (D:6)
  3 hounds
  A centaur zombie (D:3)
  3 orc priests (D:5)
  A centaur skeleton (D:4)
  3 iguanas
  A scorpion zombie (D:5)
  3 orc wizards (D:5)
  A hound skeleton (D:4)
  Robin (D:3)
  7 adders
  3 white imps
  An ufetubus (D:4)
  An adder skeleton (D:4)
  4 dart slugs
  11 orcs
  4 ball pythons
  7 bats
  6 endoplasms
  2 giant cockroaches
  15 goblins
  10 hobgoblins
  9 kobolds
  3 quokkas
  4 frilled lizards
  2 rats (D:2)
128 creatures vanquished.

Notes
Turn   | Place    | Note
-------+----------+-------------------------------------------
     0 | D:1      | Sin92 the Minotaur Fighter began the quest for the Orb.
     0 | D:1      | Reached XP level 1. HP: 19/19 MP: 0/0
    63 | D:1      | Found a faded altar of an unknown god.
    92 | D:1      | Reached XP level 2. HP: 20/27 MP: 1/1
   590 | D:1      | Reached skill level 3 in Axes
   852 | D:2      | Reached XP level 3. HP: 32/33 MP: 2/2
   871 | D:2      | Reached skill level 1 in Dodging
  1158 | D:2      | Reached XP level 4. HP: 40/40 MP: 3/3
  1405 | D:2      | Identified a scroll of acquirement
  1405 | D:2      | Acquired the ring of Cearotwem {rPois rN+ Str+3 Dex-2}
  2044 | D:3      | Reached skill level 4 in Axes
  2076 | D:3      | Noticed Robin
  2083 | D:3      | Reached XP level 5. HP: 44/46 MP: 4/4
  2083 | D:3      | Killed Robin
  2209 | D:3      | Found a shimmering altar of Xom.
  2245 | D:3      | Found a broken altar of Ashenzari.
  2246 | D:3      | Found an ancient bone altar of Kikubaaqudgha.
  2247 | D:3      | Found a hide-covered altar of Uskayaw.
  2382 | D:4      | Noticed Duvessa
  2383 | D:4      | Noticed Dowan
  2391 | D:4      | Killed Duvessa
  2398 | D:4      | HP: 2/47 [Dowan/stone arrow (16)]
  2402 | D:4      | Killed Dowan
  2403 | D:4      | Reached XP level 6. HP: 24/53 MP: 5/5
  2405 | D:4      | Reached skill level 5 in Axes
  2627 | D:4      | Reached skill level 5 in Armour
  2637 | D:4      | Reached skill level 5 in Shields
  2721 | D:4      | Reached skill level 5 in Fighting
  2721 | D:4      | Reached XP level 7. HP: 56/61 MP: 6/6
  2857 | D:4      | Noticed Blork the orc
  2867 | D:4      | Killed Blork the orc
  3014 | D:4      | Reached skill level 6 in Axes
  3636 | D:5      | Entered Level 5 of the Dungeon
  3640 | D:5      | Noticed Edmund
  3662 | D:5      | Killed Edmund
  4048 | D:5      | Reached skill level 1 in Polearms
  4222 | D:5      | Noticed Menkaure
  4229 | D:5      | Killed Menkaure
  4230 | D:5      | Reached XP level 8. HP: 65/70 MP: 7/7
  4384 | D:5      | Reached skill level 7 in Axes
  4401 | D:5      | Identified the +5 spear "Wugil" {vamp, Stlth+}
  4535 | D:5      | Noticed Pikel
  4709 | D:5      | Killed Pikel
  4710 | D:5      | Reached skill level 1 in Stealth
  5320 | D:6      | Reached XP level 9. HP: 59/78 MP: 8/8
  5345 | D:6      | Reached skill level 5 in Polearms
  5355 | D:6      | Reached skill level 5 in Dodging
  5509 | D:6      | Reached skill level 8 in Axes
  5521 | D:6      | Noticed a kobold demonologist
  5526 | D:6      | Noticed a sun demon
  5528 | D:6      | Slain by a sun demon

Illustrated notes

Levels and vault maps discovered:
D:1:      lightli_arrival_lavapool, layout_basic,
          hellmonk_ecumenical_altar_run_dry, minmay_misc_feat_pillars,
          st_stairs_12, minmay_pentomino_x2
D:2:      layout_rooms, minivault_5, grunt_ministairs_9, minmay_bisected
D:3:      layout_loops_ring, chequers_temple_overflow_statue_of_worship,
          minmay_misc_feat_roman, uniq_robin
D:4:      layout_loops_ring, bh_walls_and_bars, uniq_duvessa, uniq_blork_the_orc
D:5:      layout_gridville, uniq_menkaure, uniq_edmund, uniq_pikel
D:6:      layout_basic, minmay_temple_entry_statues_fountains, st_stairs_2,
          minmay_a_box_with_orc_wizards_in_it

Skill      XL: |  1  2  3  4  5  6  7  8  9 |
---------------+----------------------------+-----
Axes           | 3 4 5 6 7 8 |  8.0
Dodging        | 1 2 3 4 5 |  5.2
Fighting       | 4 5 6 |  6.9
Armour         | 4 5 6 7 |  7.0
Shields        | 4 5 6 |  6.9
Polearms       | 1 4 5 |  5.8
Stealth        | 1 2 |  2.4

Action                   |  1- 3 |  4- 6 |  7- 9 || total
-------------------------+-------+-------+-------++-------
Melee: War axe           |    31 |       |       ||    31
       Hand axe          |    30 |   117 |    82 ||   229
       Headbutt          |     7 |    17 |    45 ||    69
       Spear             |       |       |   151 ||   151
  Use: Scroll            |     3 |     3 |     6 ||    12
       Potion            |       |     1 |       ||     1
Armor: Scale mail        |    29 |    44 |     5 ||    78
       Chain mail        |       |       |    45 ||    45
Dodge: Dodged            |    27 |    36 |    41 ||   104
Block: Kite shield       |    33 |    64 |    95 ||   192
